AoeStats
← North

QS Arena

503138927Analyzed
4v4 RM · 1mo ago on Aug 30, 2026· 47m 22s· 8 players
Game mode
Random Map
Map size
Large (8 player)
Population
200
Speed
Normal
Resources
Standard
Victory
Conquest
Starting age
Dark Age
Ending age
Imperial Age
RankedLock teamsTeams togetherTeam positionsShared explorationLock speedFull tech treeHidden civsTurbo modeCheats
Victory
Defeat
🇨🇳 Wei · China
1185
+13
🇨🇳 Italians · China
1185
+13
🇳🇴 Britons · Norway
1182
+14
🇨🇳 Bohemians · China
1141
+15
🇹🇼 Khmer · Taiwan
1141
-15
🇹🇼 Britons · Taiwan
1134
-14
🇷🇺 Spanish · Russia
1130
-14
🇬🇧 Vikings · United Kingdom
1107
-13
asd40130069
8:20 Feudal Age
11:44 Castle Age
9:59 Double-Bit Axe
15:37 Wheelbarrow
16:06 Horse Collar
18:29 Heavy Plow
20:20 Bow Saw
22:07 Gold Mining
22:08 Stone Mining
23:26 Gold Shaft Mining
23:27 Stone Shaft Mining
26:34 Imperial Age
23:50 Loom
24:40 Forging
24:35 Scale Barding Armor
24:59 Ballistics
25:55 Iron Casting
25:48 Husbandry
25:59 Bloodlines
26:33 Chain Barding Armor
25:41 Light Cavalry
25:44 Pikeman
27:27 Hand Cart
27:03 Cavalier
29:26 Blast Furnace
29:03 Plate Barding Armor
29:30 Conscription
29:56 Fletching
31:01 Hussar
32:30 Masonry
32:30 Fortified Wall
33:21 Chemistry
33:33 Elite Ballista Elephant
34:13 Double Crossbow
35:02 Siege Engineers
35:28 Architecture
34:54 Bodkin Arrow
37:36 Bracer
area430
9:26 Feudal Age
14:09 Castle Age
12:29 Stone Mining
12:28 Double-Bit Axe
12:25 Horse Collar
13:02 Gold Mining
15:20 Bow Saw
16:17 Heavy Plow
19:37 Town Watch
19:38 Loom
25:14 Gold Shaft Mining
28:10 Imperial Age
25:54 Forging
25:37 Fletching
25:48 Padded Archer Armor
25:11 Crossbowman
26:33 Bodkin Arrow
28:31 Leather Archer Armor
29:21 Capped Ram
29:24 Arbalester
30:05 Bracer
30:36 Ring Archer Armor
30:30 Conscription
30:22 Bogsveigar
30:58 Hoardings
30:23 Siege Ram
34:02 Ballistics
34:42 Chemistry
43:08 Fortified Wall
給你舒服
7:35 Feudal Age
8:06 Double-Bit Axe
8:04 Horse Collar
10:11 Fletching
11:18 Loom
15:28 Castle Age
13:54 Gold Mining
14:37 Padded Archer Armor
17:39 Leather Archer Armor
17:56 Bow Saw
21:25 Bodkin Arrow
BDSM|POLSKA
0:33 Loom
8:56 Feudal Age
9:23 Double-Bit Axe
9:34 Horse Collar
16:02 Castle Age
14:48 Stone Mining
15:41 Gold Mining
16:53 Heavy Plow
17:05 Bow Saw
19:02 Fletching
19:52 Wheelbarrow
22:00 Hand Cart
26:17 Bodkin Arrow
28:18 Fortified Wall
34:31 Stone Shaft Mining
38:19 Padded Archer Armor
39:46 Elite Skirmisher
North
8:47 Feudal Age
13:16 Castle Age
12:28 Double-Bit Axe
12:28 Horse Collar
21:03 Bow Saw
22:18 Heavy Plow
24:18 Wheelbarrow
24:43 Gold Mining
24:54 Fletching
25:41 Ballistics
25:46 Bodkin Arrow
28:55 Imperial Age
26:40 Padded Archer Armor
27:20 Gold Shaft Mining
28:07 Hand Cart
28:40 Town Watch
28:45 Loom
29:36 Bracer
29:52 Leather Archer Armor
30:41 Chemistry
29:05 Elite Longbowman
29:31 Capped Ram
31:26 Two-Man Saw
31:03 Scale Mail Armor
31:14 Forging
31:30 Pikeman
31:57 Gambesons
32:13 Squires
31:59 Arson
32:31 Chain Mail Armor
32:18 Onager
34:21 Plate Mail Armor
34:21 Ring Archer Armor
34:43 Halberdier
41:47 Iron Casting
Takeda-Shingen
7:53 Feudal Age
8:41 Horse Collar
12:51 Castle Age
11:09 Double-Bit Axe
18:50 Imperial Age
18:53 Chemistry
21:52 Bow Saw
29:01 Wheelbarrow
30:16 Fervor
30:22 Hand Cart
33:02 Murder Holes
33:27 Ballistics
35:06 Conscription
34:52 Wagenburg Tactics
34:42 Pikeman
35:22 Squires
35:43 Halberdier
39:13 Arson
41:00 Forging
40:51 Scale Mail Armor
44:45 Siege Engineers
44:51 Masonry
45:03 Houfnice
48:06 Iron Casting
47:46 Chain Mail Armor
602406569
0:33 Loom
10:50 Feudal Age
12:05 Horse Collar
12:54 Double-Bit Axe
17:33 Castle Age
15:54 Gold Mining
16:00 Stone Mining
18:38 Thumb Ring
19:27 Heavy Plow
25:29 Bow Saw
28:23 Imperial Age
26:27 Forging
28:08 Iron Casting
29:34 Stone Shaft Mining
30:13 Chemistry
29:37 Ballistics
30:24 Blast Furnace
30:00 Conscription
30:01 Fletching
31:25 Two-Man Saw
30:41 Elite Genoese Crossbowman
31:33 Bodkin Arrow
32:03 Caravan
32:33 Bracer
35:04 Scale Mail Armor
35:05 Padded Archer Armor
37:06 Leather Archer Armor
38:11 Husbandry
38:22 Bloodlines
37:33 Light Cavalry
38:51 Chain Mail Armor
38:41 Scale Barding Armor
40:55 Hussar
zzx
6:36 Feudal Age
7:11 Double-Bit Axe
7:08 Horse Collar
7:24 Gold Mining
8:16 Stone Mining
12:20 Wheelbarrow
12:49 Loom
15:29 Castle Age
14:30 Fletching
15:10 Padded Archer Armor
16:20 Bow Saw
16:13 Heavy Plow
16:52 Gold Shaft Mining
17:08 Bodkin Arrow
18:00 Bloodlines
19:35 Leather Archer Armor
20:16 Husbandry
22:59 Thumb Ring
26:12 Ballistics
31:17 Imperial Age
29:58 Hand Cart
29:57 Tuntian
30:14 Hand Cart
31:58 Bracer
33:04 Chemistry
32:30 Parthian Tactics
33:24 Ming Guang Armor
33:19 Conscription
34:53 Ring Archer Armor
39:46 Elite Tiger Cavalry
40:43 Scale Barding Armor
42:07 Light Cavalry
Connection lost

Rejoining the realm…

Still unreachable

The connection could not be restored.

Session expired

The server has moved on; the page needs a fresh start.